 Dungeon Crawl Stone Soup version 0.24-a0-784-g601f8f6d22 (webtiles) character file.

Game seed: 6195138649555913587, levelgen mode: deterministic

80 IC0N0FSIN the Skirmisher (level 4, -1/35 HPs)
             Began as a Demonspawn Fighter on Oct 9, 2019.
             Was an Initiate of Kikubaaqudgha.
             Slain by Grinder (7 damage)
             ... while paralysed by Grinder
             ... on level 3 of the Dungeon.
             The game lasted 00:12:09 (1914 turns).

IC0N0FSIN the Skirmisher (Demonspawn Fighter)       Turns: 1914, Time: 00:12:10

Health: -1/35      AC: 11    Str: 23    XL:     4   Next: 18%
Magic:  4/4        EV:  2    Int:  9    God:    Kikubaaqudgha [......]
Gold:   103        SH:  0    Dex: 12    Spells: 3/3 levels left

rFire    . . .     SeeInvis .   a - +0 trident
rCold    . . .     Gourm    .   c - +0 shield
rNeg     . . .     Faith    .   m - -1 chain mail (curse)
rPois    .         Spirit   .   (no helmet)
rElec    .         Reflect  .   (no cloak)
rCorr    .         Harm     .   (no gloves)
MR       .....                  l - +0 pair of boots
Stlth    ..........             (no amulet)
HPRegen  0.11/turn              (no ring)
MPRegen  0.09/turn              (no ring)

@: paralysed, mighty
A: slimy green scales 1, nightstalker 1
a: Renounce Religion


You were on level 3 of the Dungeon.
You worshipped Kikubaaqudgha.
Kikubaaqudgha was noncommittal.
You were not hungry.

You visited 1 branch of the dungeon, and saw 3 of its levels.

You collected 103 gold pieces.

Inventory:

Hand Weapons
 a - a +0 trident (weapon)
Missiles
 n - 5 silver boomerangs (quivered)
Armour
 b - a +0 scale mail
 c - a +0 shield (worn)
 l - a +0 pair of boots (worn)
 m - a cursed -1 chain mail (worn)
Jewellery
 k - a +2 ring of strength {unknown}
Scrolls
 g - a scroll of enchant armour {unknown}
Potions
 d - a potion of might
 e - a potion of agility {unknown}
 h - a potion of haste {unknown}
 i - a potion of invisibility {unknown}
 j - a potion of flight {unknown}
 o - a potion of curing
Comestibles
 f - a ration
 p - a chunk of flesh


   Skills:
 + Level 3.3 Fighting
 + Level 3.0 Polearms
 + Level 3.1 Armour
 + Level 0.7 Dodging
 + Level 3.1 Shields


You had 3 spell levels left.
You didn't know any spells.
Your spell library was empty.

Dungeon Overview and Level Annotations

Branches:
Dungeon (3/15)

Altars:
Hepliaklqana
Kikubaaqudgha
Ru
Sif Muna
Wu Jian
Zin

Annotations:
D:3 1 transporter, Grinder; Utis's ghost, amateur TeNe


Innate Abilities, Weirdness & Mutations

You are partially covered in slimy green scales. (AC +2)
You are slightly more attuned to the shadows.


Message History

Grinder is lightly wounded.
Grinder barely misses you. You block Grinder's attack.
Your chain mail prevents you from hitting Grinder.
Grinder is lightly wounded.
Grinder hits you but does no damage.
You completely miss Grinder.
Grinder is lightly wounded.
Grinder hits you.
You writhe in agony.
You puncture Grinder!
Grinder is moderately wounded.
Grinder hits you.
You writhe in agony.
Grinder gestures at you.
You suddenly lose the ability to move!
Grinder hits you.
* * * LOW HITPOINT WARNING * * *
You writhe in agony.
* * * LOW HITPOINT WARNING * * *
Grinder hits you!
You die...
Kikubaaqudgha rasps: "You have failed me!
Welcome... death!"

#....... ....
.......#.....
......#..... .
.....#!....
..##..!.....
......†..#
....(5@..##
..........###......
..........+........
....##....##.......
.... ##.####......
... #..# #....#..
#. ####.# #.......
.
.<.#.###.....#####.
...#.........#.....


You could see Grinder.

Vanquished Creatures
  2 adders (D:3)
  A dart slug (D:2)
  A worm (D:2)
  3 leopard geckos
  2 ball pythons
  5 giant cockroaches
  7 goblins
  7 hobgoblins
  5 jackals (D:1)
  4 kobolds
  4 bats
  2 frilled lizards
  5 rats
48 creatures vanquished.

Notes
Turn   | Place    | Note
-------+----------+-------------------------------------------
     0 | D:1      | IC0N0FSIN the Demonspawn Fighter began the quest for the
                  | Orb.
     0 | D:1      | Reached XP level 1. HP: 18/18 MP: 1/1
    71 | D:1      | Gained mutation: You are partially covered in slimy green
                  | scales. (AC +2) [demonic ancestry]
    71 | D:1      | Reached XP level 2. HP: 23/24 MP: 2/2
   294 | D:2      | Found a shimmering blue altar of Sif Muna.
   423 | D:2      | Gained mutation: You are slightly more attuned to the
                  | shadows. [demonic ancestry]
   423 | D:2      | Reached XP level 3. HP: 17/29 MP: 3/3
   432 | D:2      | Found an ancient bone altar of Kikubaaqudgha.
  1656 | D:2      | Became a worshipper of Kikubaaqudgha
  1721 | D:3      | Found a transporter.
  1726 | D:3      | Noticed Utis's ghost (amateur TeNe)
  1793 | D:3      | Found a hazy altar of Hepliaklqana.
  1798 | D:3      | Found a glowing silver altar of Zin.
  1801 | D:3      | Found a sacrificial altar of Ru.
  1824 | D:3      | Found an ornate altar of the Wu Jian Council.
  1843 | D:3      | Reached XP level 4. HP: 35/35 MP: 4/4
  1887 | D:3      | Noticed Grinder
  1901 | D:3      | Paralysed by Grinder for 5 turns
  1912 | D:3      | Paralysed by Grinder for 4 turns
  1914 | D:3      | Slain by Grinder

Levels and vault maps discovered:
D:1:      psy_arrival_whirlpool, layout_basic
D:2:      layout_basic, lemuel_round_altar, lemuel_coloured_pillars_altar
D:3:      layout_basic, lemuel_crystal_altar, grunt_temple_overflow_cloverleaf,
          gammafunk_ghost_stat_death, uniq_grinder

Skill      XL: |  1  2  3  4 |
---------------+-------------+-----
Polearms       | 2 3 |  3.0
Armour         | 3 |  3.1
Shields        | 3 |  3.1
Fighting       | |  3.3
Dodging        | |  0.7

Action                   |  1- 3 |  4- 6 || total
-------------------------+-------+-------++-------
Melee: Trident           |   170 |    16 ||   186
Throw: Boomerang         |     2 |     6 ||     8
  Use: Scroll            |     1 |       ||     1
       Potion            |       |     2 ||     2
  Eat: Ration            |     1 |       ||     1
       Chunk             |     1 |       ||     1
Armor: Scale mail        |    78 |       ||    78
       Chain mail        |    13 |    10 ||    23
Dodge: Dodged            |    58 |     4 ||    62
Block: Shield            |   100 |     9 ||   109

Table legend:
 A = Non-vault XP
 B = Vault XP
 C = Vault XP percentage of total XP
 D = Non-vault monster count
 E = Vault monster count
 F = Vault count percentage of total count
                 A         B        C        D         E       F
            +---------+---------+-------+---------+---------+-------
      Total |     115 |       0 |   0.0 |      48 |       0 |   0.0
            +---------+---------+-------+---------+---------+-------
        D:1 |      40 |       0 |   0.0 |      21 |       0 |   0.0
        D:2 |      41 |       0 |   0.0 |      21 |       0 |   0.0
        D:3 |      34 |       0 |   0.0 |       6 |       0 |   0.0
            +---------+---------+-------+---------+---------+-------
